 Dungeon Crawl Stone Soup version 0.20-a0-927-g1ae2c61 (webtiles) character file.

80 Rrauwl the Gusty (level 4, -1/24 HPs)
             Began as a Tengu Air Elementalist on Mar 29, 2017.
             Slain by valenzione's ghost (14 damage)
             ... on level 3 of the Dungeon.
             The game lasted 00:08:51 (2282 turns).

Rrauwl the Gusty (Tengu Air Elementalist)           Turns: 2282, Time: 00:08:54

Health: -1/24      AC:  3    Str:  9    XL:     4   Next: 39%
Magic:  5/9        EV: 12    Int: 16    God:
Gold:   112        SH:  0    Dex: 14    Spells: 7/8 levels left

rFire    . . .     SeeInvis .   o - +0 whip
rCold    . . .     Gourm    .   (no shield)
rNeg     . . .     Faith    .   a - +0 robe
rPois    .         Spirit   .   (helmet restricted)
rElec    .         Reflect  .   (no cloak)
rCorr    .         Harm     .   e - +0 pair of gloves
MR       .....                  (boots unavailable)
Stlth    ++........             (no amulet)
Regen    0.1/turn               (no ring)
MPRegen  0.2/turn               (no ring)

@: no status effects
A: beak, talons 3
a: no special abilities


You were on level 3 of the Dungeon.
You were not hungry.

You visited 1 branch of the dungeon, and saw 3 of its levels.

You collected 112 gold pieces.

Inventory:

Hand Weapons
 o - a +0 whip (weapon)
Missiles
 k - 32 arrows
Armour
 a - a +0 robe (worn)
 e - a +0 pair of gloves (worn)
Scrolls
 g - 2 scrolls of identify
 j - a scroll of recharging {unknown}
 m - a scroll of enchant weapon
 n - a scroll of fog {unknown}
 p - a scroll of remove curse {unknown}
Potions
 d - a potion of lignification {unknown}
 f - a potion of invisibility {unknown}
 l - a potion of brilliance {unknown}
 q - a potion of curing
Books
 b - a book of Air

   Spells                             Type                      Level
   a - Shock                          Conjuration/Air              1
   b - Swiftness                      Charms/Air                   2
   c - Static Discharge               Conjuration/Air              3
   d - Airstrike                      Air                          4
   e - Lightning Bolt                 Conjuration/Air              5
Comestibles
 c - 3 bread rations
 h - 3 fruits
 i - 9 chunks of flesh


   Skills:
 - Level 2.1 Dodging
 - Level 2.0 Stealth
 + Level 2.7 Spellcasting
 + Level 3.2 Conjurations
 + Level 5.2 Air Magic


You had 7 spell levels left.
You knew the following spells:

 Your Spells              Type           Power        Failure   Level  Hunger
a - Shock                 Conj/Air       ###.         4%          1    #......


Dungeon Overview and Level Annotations

Branches:
Dungeon (3/15)

Altars:

Annotations:
D:3 valenzione's ghost, amateur MiFi


Innate Abilities, Weirdness & Mutations

You have a beak for a mouth.
You have claws for feet.


Message History

Casting: Shock
Confirm with . or Enter, or press ? or * to list all spells.
Aiming: Shock
Press: ? - help, Shift-Dir - straight line The zap hits valenzione's ghost.
Valenzione's ghost is moderately damaged.
The zap hits valenzione's ghost.
Valenzione's ghost appears unharmed.
Valenzione's ghost is moderately damaged.
Valenzione's ghost hits you!
Casting: Shock
Confirm with . or Enter, or press ? or * to list all spells.
Aiming: Shock
Press: ? - help, Shift-Dir - straight line The zap hits valenzione's ghost.
Valenzione's ghost is moderately damaged.
The zap hits valenzione's ghost.
Valenzione's ghost appears unharmed.
Valenzione's ghost is moderately damaged.
Valenzione's ghost hits you!
Ouch! That really hurt!
You die...

#.#######..<.#
#............#
#....# #.$.#
#####....###...#
#............!.#
#....#######...####.
#....'..............
#....#######.#####..
##.#<....@W..#
#.########### #. #


You could see valenzione's ghost.

Vanquished Creatures
  Jessica (D:2)
  2 adders (D:2)
  A worm (D:2)
  A dart slug (D:2)
  A leopard gecko (D:2)
  6 bats
  A goblin (D:1)
  2 hobgoblins (D:2)
  4 jackals (D:2)
  5 kobolds (D:2)
  2 frilled lizards (D:2)
  7 rats
33 creatures vanquished.

Notes
Turn   | Place    | Note
-------+----------+-------------------------------------------
     0 | D:1      | Rrauwl the Tengu Air Elementalist began the quest for the Orb.
     0 | D:1      | Reached XP level 1. HP: 10/10 MP: 4/4
   625 | D:1      | Reached XP level 2. HP: 15/15 MP: 3/6
  1114 | D:2      | Reached XP level 3. HP: 12/19 MP: 1/7
  1739 | D:2      | Noticed Jessica
  1746 | D:2      | Killed Jessica
  1746 | D:2      | Reached skill level 5 in Air Magic
  1746 | D:2      | Reached XP level 4. HP: 18/24 MP: 5/8
  2247 | D:3      | Noticed valenzione's ghost (amateur MiFi)
  2282 | D:3      | Slain by valenzione's ghost

Vault maps used:
D:1:      dpeg_arrival_round_b, solitary_fountain
D:2:      first_bread, uniq_jessica
D:3:      lightli_sewer_entry_pipes, minmay_misc_feat_doors,
          minmay_misc_feat_encased, hangedman_decor_growths,
          cheibrodos_gnoll_hut

Skill      XL: |  1  2  3 |
---------------+----------+-----
Conjurations   | 2 3 |  3.2
Air Magic      | 5 |  5.2
Dodging        | |  2.1
Stealth        | |  2.0
Spellcasting   | |  2.7

Action                   |  1- 3 |  4- 6 || total
-------------------------+-------+-------++-------
Melee: Unarmed           |    38 |       ||    38
       Kick              |     9 |     2 ||    11
       Peck              |     5 |     3 ||     8
       Whip              |     8 |     8 ||    16
 Cast: Shock             |    35 |    16 ||    51
  Use: Scroll            |     2 |       ||     2
       Potion            |     1 |     1 ||     2
 Stab: Sleeping          |     2 |       ||     2
  Eat: Chunk             |     2 |       ||     2
       Fruit             |     1 |       ||     1
       Meat ration       |       |     1 ||     1
Armor: Robe              |    19 |     6 ||    25
Dodge: Dodged            |    48 |    18 ||    66
